 Dungeon Crawl Stone Soup version 0.23-a0-395-gcf17ac6c65 (webtiles) character file.

198267 PikkenKukken the Warrior (level 18, -3/222 HPs)
             Began as an Ogre Transmuter on Nov 1, 2018.
             Was the Champion of Okawaru.
             Slain by a deep elf blademaster
             ... wielding a +0 vampiric rapier
              (22 damage)
             ... on level 2 of the Elven Halls.
             The game lasted 01:58:27 (43480 turns).

PikkenKukken the Warrior (Ogre Transmuter)         Turns: 43480, Time: 01:58:28

Health: -3/222     AC:  8    Str: 21    XL:     18   Next: 43%
Magic:  28/39      EV: 20    Int: 16    God:    Okawaru [******]
Gold:   3579       SH:  0    Dex: 13    Spells: 9/33 levels left

rFire    . . .     SeeInvis .     - Unarmed
rCold    . . .     Gourm    .   (shield currently unavailable)
rNeg     . . .     Faith    .   F - +2 robe {MR+}
rPois    .         Spirit   .   J - +1 hat
rElec    .         Reflect  .   u - scarf {repulsion}
rCorr    .         Harm     .   (gloves unavailable)
MR       ++++.                  (boots unavailable)
Stlth    +++.......             z - amulet of regeneration
HPRegen  0.87/turn              C - ring of protection from magic
MPRegen  0.26/turn              p - ring "Liat" {MR+ MP+9}

@: blade hands, heroism, very slightly contaminated, repel missiles
A: large, unfitting armour, thin metallic scales 1, robust 1, strong 1, tough
skin 1
}: 1/15 runes: decaying
a: End Transformation, Heroism, Finesse, Renounce Religion


You were on level 2 of the Elven Halls.
You worshipped Okawaru.
Okawaru was exalted by your worship.
You were not hungry.
You had blades for hands.
You visited 5 branches of the dungeon, and saw 30 of its levels.
You also visited: Bailey and Ice Cave.

You collected 3928 gold pieces.
You spent 349 gold pieces at shops.

Inventory:

Missiles
 a - 631 arrows
 B - 6 throwing nets (quivered)
Armour
 u - a scarf of repulsion (worn)
 F - a +2 robe of magic resistance (worn)
 J - a +1 hat (worn)
 M - a +2 cloak of invisibility
 W - a +1 shield of protection
 X - a +0 troll leather armour
Jewellery
 n - an uncursed ring of protection from cold
 p - the ring "Liat" (right scythe-like blade) {MR+ MP+9}
   (You found it on level 14 of the Dungeon)

   [ring of protection from magic]

   It affects your resistance to hostile enchantments.
   It affects your magic capacity (+9).
 r - an uncursed ring of positive energy
 x - an uncursed ring of see invisible
 z - an amulet of regeneration (around neck)
 C - a ring of protection from magic (left scythe-like blade)
 E - an uncursed ring of protection from fire
 P - an uncursed ring of wizardry
 V - a +4 ring of protection
Wands
 q - a wand of paralysis (14)
 y - a wand of clouds (3)
 I - a wand of iceblast (5)
 R - a wand of acid (33)
 S - a wand of digging (2)
Scrolls
 e - 9 scrolls of enchant armour
 g - 16 scrolls of identify
 h - 3 scrolls of magic mapping
 j - 6 scrolls of teleportation
 k - 4 scrolls of enchant weapon
 m - a scroll of holy word
 w - 9 scrolls of amnesia
 G - 12 scrolls of remove curse
 L - 2 scrolls of fear
 O - a scroll of silence
 Z - 2 scrolls of fog
Potions
 c - 13 potions of curing
 f - 4 potions of mutation
 i - 6 potions of brilliance
 l - 5 potions of flight
 o - 4 potions of ambrosia
 s - 3 potions of heal wounds
 t - a potion of agility
 v - 2 potions of cancellation
 A - a potion of magic
 D - 3 potions of might
 H - 3 potions of haste
 K - 2 potions of resistance
 N - 4 potions of invisibility
Comestibles
 d - 37 rations


   Skills:
 + Level 17.8(22.8) Fighting
 - Level 4.0(9.0) Armour
 + Level 13.2(18.2) Dodging
 + Level 7.5(12.5) Shields
 * Level 16.1(21.1) Unarmed Combat
 + Level 8.3 Spellcasting
 + Level 3.5 Necromancy
 - Level 10.0 Transmutations
 - Level 6.0 Ice Magic
 + Level 3.6 Earth Magic
 - Level 2.1 Poison Magic
 - Level 6.0 Invocations


You had 9 spell levels left.
You knew the following spells:

 Your Spells              Type           Power        Failure   Level  Hunger
a - Beastly Appendage     Tmut           #####.       9%          1    None
b - Sticks to Snakes      Tmut           #####...     10%         2    None
c - Spider Form           Tmut/Pois      ####......   24%         3    #......
d - Ice Form              Ice/Tmut       ####....     30%         4    ###....
e - Confusing Touch       Hex            #.....       47%         1    None
f - Blade Hands           Tmut           #####.....   32%         5    #####..
g - Borgnjor's Vile Clut  Necr/Erth      ###.......   90%         5    #####..
h - Regeneration          Chrm/Necr      ##........   56%         3    #......

Your spell library contained the following spells:

 Spells                   Type           Power        Failure   Level  Hunger
 Animate Skeleton         Necr           N/A          24%         1    None
 Corpse Rot               Necr           N/A          28%         2    None
 Sublimation of Blood     Necr           ###.......   28%         2    None
 Ensorcelled Hibernation  Hex/Ice        ###...       32%         2    None
 Sting                    Conj/Pois      ##..         38%         1    None
 Apportation              Tloc           #.....       47%         1    None
 Corona                   Hex            #......      47%         1    None
 Flame Tongue             Conj/Fire      #....        47%         1    None
 Infusion                 Chrm           #...         47%         1    None
 Magic Dart               Conj           #...         47%         1    None
 Summon Butterflies       Summ           #.......     47%         1    None
 Summon Small Mammal      Summ           #...         47%         1    None
 Poisonous Vapours        Pois/Air       ##....       47%         2    None
 Shroud of Golubria       Chrm/Tloc      #.........   56%         2    None
 Slow                     Hex            #.......     56%         2    None
 Song of Slaying          Chrm           #.......     56%         2    None
 Throw Flame              Conj/Fire      #.....       56%         2    None
 Mephitic Cloud           Conj/Pois/Air  #.......     67%         3    #......
 Summon Ice Beast         Ice/Summ       ###.....     73%         4    ###....
 Call Canine Familiar     Summ           #.......     75%         3    #......
 Conjure Flame            Conj/Fire      #.......     75%         3    #......
 Inner Flame              Hex/Fire       #.......     75%         3    #......
 Portal Projectile        Hex/Tloc       #.....       75%         3    #......
 Spectral Weapon          Hex/Chrm       #.......     75%         3    #......
 Olgreb's Toxic Radiance  Pois           ##......     82%         4    ###....
 Leda's Liquefaction      Hex/Erth       ##........   85%         4    ###....
 Agony                    Necr           ###.....     90%         5    #####..
 Dispel Undead            Necr           ###.....     90%         5    #####..
 Cause Fear               Hex            #.........   96%         4    ###....
 Sticky Flame             Conj/Fire      #.......     96%         4    ###....
 Bolt of Draining         Conj/Necr      ##........   98%         5    #####..
 Excruciating Wounds      Chrm/Necr      ##........   98%         5    #####..
 Venom Bolt               Conj/Pois      ##........   99%         5    #####..
 Fireball                 Conj/Fire      #.........   100%        5    #####..
 Silence                  Hex/Air        #.........   100%        5    #####..
 Summon Mana Viper        Hex/Summ       #.......     100%        5    #####..
 Darkness                 Hex            #.........   100%        6    ######.
 Shadow Creatures         Summ           N/A          100%        6    ######.
 Summon Hydra             Summ           #.........   100%        7    #######


Dungeon Overview and Level Annotations

Branches:
Dungeon (15/15)            Temple (0/1) D:6            Lair (6/6) D:10
  Swamp (4/4) Lair:3        Snake (0/4) Lair:2        Slime (0/5) Lair:5
    Orc (2/2) D:12            Elf (3/3) Orc:2        Vaults (0/5) D:13
 Depths (0/5) D:15

Altars:
Ashenzari
Cheibriados
Kikubaaqudgha
Makhleb
Nemelex Xobeh
Okawaru
Qazlal
Sif Muna
Trog
Vehumet
Wu Jian
Xom
Yredelemnul
Beogh
Jiyva

Shops:
D:8 !   D:12 !   D:13 ?   Orc:2 *%(*

Annotations:
D:10 1 runed door, Wolly's ghost, journeyman SpEn
Swamp:3 1 transporter, Lernaean hydra
Elf:2 2 runed doors


Innate Abilities, Weirdness & Mutations

You are too large for most types of armour.
You have tough skin. (AC +1)
You are partially covered in thin metallic scales. (AC +2)
You are robust. (+10% HP)
Your muscles are strong. (Str +2)


Message History

Your hands turn into razor-sharp scythe blades.
The deep elf blademaster hits you with a +0 vampiric rapier!
* * * LOW HITPOINT WARNING * * *
The deep elf blademaster hits you with a +0 vampiric rapier!
* * * LOW HITPOINT WARNING * * *
The deep elf blademaster closely misses you.
The deep elf blademaster completely misses you.
You catch the helpless deep elf blademaster completely off-guard!
You shred the deep elf blademaster!!!!
The deep elf blademaster is almost dead.
The deep elf blademaster seems less confused.
The deep elf blademaster hits you with a +0 vampiric rapier.
* * * LOW HITPOINT WARNING * * *
The deep elf blademaster draws strength from your wounds!
The deep elf blademaster hits you with a +0 vampiric rapier!
* * * LOW HITPOINT WARNING * * *
You completely miss the deep elf blademaster.
The deep elf blademaster is almost dead.
The deep elf blademaster hits you with a +0 vampiric rapier!!
You die...

#..#.......######.#####
...........#####..###
##.#...........[.[..#
##.##.#.#.####.#..#.# ### ####
#..##.#.#.# #.#.##.######.# #...
.####.#.#.# #.#.##........###...
#####.#...####......###..........
[)..........####.##.###..#.###...
..)##.......####@##.#............
##.##..........e#...#.#..#.#.....
#.##.......##.###..#.#.........^
###########.#.## ##........#.#...
#.......####.## ##..####.#.#...
.........###..## ##..[[# ###.....
..........##.#.###.###)#####.#...
...###....##....#............###.
.### ###.))##..#.#..#........###.


You could see a deep elf blademaster.

Vanquished Creatures
  Nikola (Elf:2)
  A lich (D:14)
  Agnes (Elf:1)
  Kirke (Swamp:1)
  Gastronok (Lair:2)
  4 deep elf sorcerers
  Louise (Swamp:1)
  An orc warlord (Orc:1)
  A deep elf demonologist (Elf:3)
  Azrael (D:12)
  4 deep elf annihilators
  An ettin (D:14)
  A fire dragon (shapeshifter) (D:14)
  A deep elf death mage (Elf:2)
  A deep elf high priest (Elf:3)
  4 ogre magi
  A vault guard (D:13)
  Harold (D:8)
  22 hydras
  An ice dragon (Lair:6)
  Erolcha (D:9)
  A rakshasa (D:15)
  A shambling mangrove (Swamp:3)
  9 alligators
  4 centaur warriors
  A death knight (D:14)
  18 two-headed ogres
  14 dancing weapons
  5 death yaks
  Sonja (Lair:3)
  Nergalle (D:12)
  9 deep elf knights
  A shock serpent (shapeshifter) (D:15)
  2 unseen horrors
  A flayed ghost (D:14)
  A wizard (Elf:1)
  A glowing orange brain (D:15)
  8 swamp dragons
  A spriggan druid (Swamp:3)
  3 deep trolls
  8 deep elf archers
  A lindwurm (Lair:6)
  Pikel (D:5)
  33 deep elf magi
  2 orc knights
  A manticore (D:13)
  A necromancer (IceCv)
  5 ugly things
  3 orc sorcerers
  11 slime creatures
  3 centaur zombies
  6 cyclopes
  7 black mambas
  11 torpor snails
  3 ice statues (IceCv)
  2 gargoyles
  17 spiny frogs
  12 komodo dragons
  A yaktaur (shapeshifter) (Elf:2)
  A rime drake (Lair:6)
  An efreet (D:15)
  6 kobold demonologists
  A tengu conjurer (Elf:1)
  A komodo dragon (shapeshifter) (D:15)
  8 ice devils
  A troll (shapeshifter) (D:13)
  11 hornets
  10 trolls
  9 tyrant leeches
  6 meliai
  3 polar bears
  8 bog bodies
  13 blink frogs
  Prince Ribbit (D:6)
  7 hippogriffs
  2 water elementals
  3 air elementals
  2 shadows
  Sigmund (D:4)
  2 spriggans
  2 wyverns
  34 yaks
  2 basilisks
  Grum (D:9)
  5 fire elementals
  A hog (shapeshifter) (D:15)
  10 hogs
  A human (D:7)
  16 vampire mosquitoes
  A warg (Orc:2)
  17 swamp worms
  Menkaure (D:5)
  5 insubstantial wisps (Swamp:4)
  A soldier ant (D:13)
  2 acid dragons (D:14)
  2 hell hounds (D:12)
  20 water moccasins
  Edmund (D:5)
  11 porcupines
  14 swamp drakes
  21 orc warriors
  A black bear (shapeshifter) (Elf:1)
  2 eyes of draining
  2 phantoms
  7 sky beasts
  4 black bears
  An eye of draining (shapeshifter) (D:13)
  5 ice beasts
  A necrophage (D:6)
  16 wolves
  A boggart (Elf:1)
  29 ogres
  13 centaurs
  9 crocodiles
  A crocodile (shapeshifter) (D:13)
  4 big kobolds
  3 earth elementals
  14 bullfrogs
  2 scorpions
  A water moccasin skeleton (D:7)
  4 wights (D:11)
  13 killer bees
  5 electric eels
  4 howler monkeys
  3 crimson imps
  2 draconian simulacra (IceCv)
  3 jellies
  A bullfrog skeleton (D:11)
  A bullfrog zombie (D:11)
  6 centaur skeletons
  27 orc wizards
  5 hounds
  14 orc priests
  3 iron imps (D:4)
  A troll simulacrum (IceCv)
  16 worker ants
  A spriggan simulacrum (IceCv)
  3 centaur simulacra (IceCv)
  2 hound skeletons
  A worker ant zombie (D:6)
  6 gnolls
  20 adders
  2 ogre simulacra (IceCv)
  A naga simulacrum (IceCv)
  2 shadow imps
  An adder zombie (D:6)
  An adder skeleton (D:7)
  4 worms
  A dart slug (D:1)
  5 leopard geckos
  90 orcs
  2 bats (D:1)
  5 giant cockroaches
  14 goblins
  6 hobgoblins
  4 jackals
  27 kobolds
  9 quokkas
  2 ball pythons
  5 frilled lizards
  A leopard gecko skeleton (D:8)
  A leopard gecko zombie (D:6)
  A fire vortex (Lair:4)
967 creatures vanquished.

Vanquished Creatures (collateral kills)
  the Lernaean hydra (Swamp:3)
  A deep elf death mage (Elf:1)
  A deep elf archer (Elf:3)
  2 deep elf magi (Elf:1)
  A troll (Orc:2)
  A hungry ghost (D:8)
  An ogre (Orc:2)
  A big kobold (D:15)
  A bullfrog (D:15)
  A howler monkey (D:9)
  An orc priest (D:12)
  A gnoll (D:2)
  2 orcs
  2 kobolds
17 creatures vanquished.

Vanquished Creatures (others)
  An unseen horror (D:15)
  2 deep elf magi
  A spiny frog (Swamp:4)
  A swamp drake (Swamp:4)
  An ice beast (D:5)
  A crimson imp (D:5)
  A bullfrog zombie (D:5)
  A leopard gecko (D:5)
  11 fungi
  20 plants (Lair:6)
40 creatures vanquished.

Grand Total: 1024 creatures vanquished

Notes
Turn   | Place    | Note
-------+----------+-------------------------------------------
     0 | D:1      | PikkenKukken the Ogre Transmuter began the quest for the
                  | Orb.
     0 | D:1      | Reached XP level 1. HP: 19/19 MP: 3/3
   262 | D:1      | Reached skill level 2 in Fighting
   269 | D:1      | Reached XP level 2. HP: 18/28 MP: 5/5
   277 | D:1      | Learned a level 2 spell: Sticks to Snakes
  1018 | D:1      | Reached skill level 3 in Fighting
  1114 | D:2      | Gained mutation: You are partially covered in thin metallic
                  | scales. (AC +2) [potion of mutation]
  1114 | D:2      | Gained mutation: You are robust. (+10% HP) [potion of
                  | mutation]
  1114 | D:2      | Gained mutation: Your muscles are strong. (Str +2) [potion
                  | of mutation]
  1152 | D:2      | Reached XP level 3. HP: 40/40 MP: 4/6
  1251 | D:2      | Found a bloodstained altar of Trog.
  1718 | D:3      | Learned a level 3 spell: Spider Form
  2116 | D:2      | Reached skill level 1 in Poison Magic
  2116 | D:2      | Reached XP level 4. HP: 25/49 MP: 2/7
  3145 | D:3      | Reached XP level 5. HP: 54/58 MP: 4/8
  3937 | D:4      | Noticed Sigmund
  4344 | D:3      | Reached XP level 6. HP: 67/67 MP: 1/9
  4853 | D:4      | Found a sparkling altar of Nemelex Xobeh.
  4918 | D:4      | Reached skill level 4 in Fighting
  4976 | D:4      | Found a burning altar of Makhleb.
  4981 | D:4      | Reached XP level 7. HP: 77/77 MP: 6/10
  5365 | D:4      | Killed Sigmund
  5397 | D:4      | Reached skill level 5 in Fighting
  5403 | D:4      | Reached skill level 5 in Unarmed Combat
  5479 | D:4      | Found an ancient bone altar of Kikubaaqudgha.
  5496 | D:4      | Found a deep blue altar of Sif Muna.
  5506 | D:4      | Reached XP level 8. HP: 73/88 MP: 7/11
  5512 | D:4      | Found a radiant altar of Vehumet.
  5516 | D:4      | Identified Vehumet's Incunabulum of Conjuration
  5591 | D:5      | Entered Level 5 of the Dungeon
  5591 | D:5      | Noticed Edmund
  5598 | D:5      | Noticed Pikel
  5604 | D:5      | Killed Edmund
  5675 | D:5      | Killed Pikel
  5675 | D:5      | Reached skill level 6 in Fighting
  6019 | D:5      | Noticed Menkaure
  6030 | D:5      | Killed Menkaure
  6113 | D:4      | Reached skill level 7 in Fighting
  6113 | D:4      | Reached XP level 9. HP: 26/102 MP: 9/12
  6802 | D:5      | Found an iron altar of Okawaru.
  6832 | D:5      | Became a worshipper of Warmaster Okawaru
  7141 | D:6      | Noticed Prince Ribbit
  7170 | D:6      | Reached skill level 1 in Invocations
  7172 | D:6      | Killed Prince Ribbit
  7172 | D:6      | Reached skill level 5 in Dodging
  7280 | D:6      | Reached * piety under Okawaru
  7921 | D:6      | Found a staircase to the Ecumenical Temple.
  7985 | D:6      | Reached skill level 8 in Fighting
  8069 | D:6      | Found a shattered altar of Ashenzari.
  8193 | D:7      | Reached ** piety under Okawaru
  8388 | D:7      | Reached XP level 10. HP: 88/115 MP: 10/13
  8696 | D:7      | Found a stormy altar of Qazlal.
  9110 | D:7      | Reached skill level 9 in Fighting
  9224 | D:8      | Noticed Harold
  9243 | D:8      | Killed Harold
  9243 | D:8      | Reached *** piety under Okawaru
  9438 | D:8      | Reached skill level 5 in Invocations
  9450 | D:8      | Found a basalt altar of Yredelemnul.
  9686 | D:8      | Found Jotraywa's Distillery.
  9731 | D:8      | Learned a level 4 spell: Ice Form
  9812 | D:8      | Reached **** piety under Okawaru
  9870 | D:8      | Found an ornate altar of the Wu Jian Council.
 10238 | D:8      | Got jewelled shadow dragon scales
 10249 | D:8      | Identified the +7 shadow dragon scales "Zajal" {rF- rN+
                  | Dex+5 Stlth++++} (You found it on level 8 of the Dungeon)
 10423 | D:9      | Noticed Erolcha
 10439 | D:9      | Killed Erolcha
 10439 | D:9      | Reached skill level 1 in Ice Magic
 10439 | D:9      | Reached XP level 11. HP: 125/127 MP: 6/15
 10513 | D:9      | Noticed a two-headed ogre
 10556 | D:9      | Killed a two-headed ogre
 10931 | D:9      | Noticed Grum
 10946 | D:9      | Killed Grum
 10946 | D:9      | Reached skill level 10 in Unarmed Combat
 10952 | D:9      | Reached skill level 10 in Fighting
 11053 | D:9      | Found a snail-covered altar of Cheibriados.
 11100 | D:10     | Entered Level 10 of the Dungeon
 11205 | D:10     | Reached ***** piety under Okawaru
 11274 | D:10     | Found a runed door.
 11274 | D:10     | Found a shimmering altar of Xom.
 11274 | D:10     | Noticed Wolly's ghost (journeyman SpEn)
 11275 | D:10     | Noticed a runed hand axe
 11525 | D:9      | Received a gift from Okawaru
 11525 | D:9      | Reached skill level 5 in Transmutations
 11851 | D:10     | Found a staircase to the Lair.
 12754 | Lair:1   | Entered Level 1 of the Lair of Beasts
 12787 | Lair:1   | Reached skill level 5 in Spellcasting
 13188 | Lair:1   | Received a gift from Okawaru
 13978 | Lair:2   | Reached skill level 5 in Ice Magic
 13991 | Lair:2   | Reached XP level 12. HP: 63/137 MP: 14/19
 14258 | Lair:2   | Found a frozen archway.
 14324 | IceCv    | Entered an ice cave
 15435 | IceCv    | Reached skill level 11 in Fighting
 15687 | Lair:2   | Noticed Gastronok
 15719 | Lair:2   | Killed Gastronok
 16508 | Lair:2   | Received a gift from Okawaru
 16510 | Lair:2   | Reached skill level 12 in Fighting
 16511 | Lair:2   | Found a staircase to the Snake Pit.
 17187 | Lair:3   | Got a smoking robe
 17198 | Lair:3   | Identified the +2 robe of Defiance {rN+ Int+5 Slay-5 SInv}
                  | (You found it on level 3 of the Lair of Beasts)
 17514 | Lair:3   | Noticed Sonja
 17518 | Lair:3   | Killed Sonja
 17740 | Lair:3   | Found a staircase to the Swamp.
 17743 | Lair:3   | Reached XP level 13. HP: 146/153 MP: 15/20
 17894 | Swamp:1  | Entered Level 1 of the Swamp
 18653 | Lair:4   | Found a snail-covered altar of Cheibriados.
 19275 | Lair:4   | Reached skill level 13 in Fighting
 19733 | Lair:4   | Reached ****** piety under Okawaru
 19733 | Lair:4   | Received a gift from Okawaru
 19969 | Lair:5   | Found a viscous altar of Jiyva.
 19972 | Lair:5   | Found a staircase to the Slime Pits.
 20561 | Lair:6   | Entered Level 6 of the Lair of Beasts
 20589 | Lair:5   | Received a gift from Okawaru
 20774 | Lair:6   | Reached skill level 10 in Dodging
 21131 | Lair:6   | Found a sparkling altar of Nemelex Xobeh.
 21140 | Lair:6   | Reached XP level 14. HP: 162/168 MP: 20/24
 21146 | Lair:6   | Reached skill level 14 in Fighting
 22680 | Lair:6   | Found a runed door.
 23400 | D:11     | Received a gift from Okawaru
 23401 | D:11     | Found a flagged portal.
 23450 | Bailey   | Entered a bailey
 23604 | Bailey   | Found an iron altar of Okawaru.
 24625 | D:12     | Found a staircase to the Orcish Mines.
 24924 | D:12     | Noticed Azrael
 24942 | D:12     | Killed Azrael
 25373 | D:12     | Found Xutou's Distillery.
 25485 | D:12     | Noticed Nergalle
 25496 | D:12     | Killed Nergalle
 25496 | D:12     | Reached skill level 15 in Fighting
 25648 | D:12     | Learned a level 1 spell: Confusing Touch
 25649 | Orc:1    | Entered Level 1 of the Orcish Mines
 25976 | Orc:2    | Entered Level 2 of the Orcish Mines
 26638 | Orc:2    | Received a gift from Okawaru
 26926 | Orc:2    | Reached XP level 15. HP: 171/182 MP: 21/25
 27121 | Orc:2    | Noticed an orc warlord
 27231 | Orc:1    | Reached skill level 1 in Shields
 27385 | Orc:1    | Killed an orc warlord
 27385 | Orc:1    | Reached skill level 1 in Armour
 27719 | Orc:2    | Found Xahel's Weapon Emporium.
 27747 | Orc:2    | Found Xuekaf's Assorted Antiques.
 27748 | Orc:2    | Found Sieqi's Food Shop.
 27749 | Orc:2    | Found a staircase to the Elven Halls.
 27765 | Orc:2    | Found a roughly hewn altar of Beogh.
 27767 | Orc:2    | Found Binoidue's General Store.
 28348 | Orc:2    | Bought an opal ring for 150 gold pieces
 28348 | Orc:2    | Bought a knobbly golden ring for 150 gold pieces
 29025 | D:13     | Found Inoen's Magic Scroll Shoppe.
 29051 | D:13     | Bought a scroll of fear for 49 gold pieces
 30158 | D:13     | Received a gift from Okawaru
 30171 | D:13     | Found a gate to the Vaults.
 30693 | D:14     | Reached skill level 16 in Fighting
 30843 | D:14     | Noticed a lich
 30856 | D:14     | Killed a lich
 30867 | D:14     | Reached XP level 16. HP: 195/195 MP: 14/26
 31092 | D:14     | Identified the cursed +0 dire flail of Foolhardiness
                  | {speed, *Corrode rElec Str+3 SInv}
 31299 | D:14     | Got a brightly glowing lead ring
 31304 | D:14     | Identified the ring "Liat" {MR+ MP+9} (You found it on
                  | level 14 of the Dungeon)
 31368 | D:15     | Entered Level 15 of the Dungeon
 32285 | D:15     | Received a gift from Okawaru
 32588 | D:15     | Found a staircase to the Depths.
 32961 | Swamp:1  | Noticed Kirke
 32981 | Swamp:1  | Noticed a sphinx
 33040 | Swamp:1  | Killed Kirke
 33165 | Swamp:1  | Noticed Louise
 33206 | Swamp:1  | HP: 8/236 [alligator (16)]
 33495 | Swamp:1  | Learned a level 5 spell: Blade Hands
 34064 | Swamp:1  | Killed Louise
 34064 | Swamp:1  | Reached skill level 5 in Shields
 35304 | Swamp:3  | Received a gift from Okawaru
 35700 | Swamp:3  | Noticed a thorn hunter
 35714 | Swamp:3  | Found a transporter.
 36045 | Swamp:4  | Entered Level 4 of the Swamp
 36239 | Swamp:4  | Reached XP level 17. HP: 207/207 MP: 27/27
 36279 | Swamp:4  | Identified the +5 morningstar "Killer Bee's Regret" {crush,
                  | rElec rF- Int+5}
 36316 | Swamp:4  | Reached skill level 15 in Unarmed Combat
 36347 | Swamp:4  | HP: 9/248 [six-headed hydra (11)]
 36931 | Swamp:4  | Reached skill level 17 in Fighting
 37066 | Swamp:4  | Reached skill level 10 in Transmutations
 37253 | Swamp:4  | Noticed the 27-headed Lernaean hydra
 37293 | Swamp:3  | Killed the 27-headed Lernaean hydra
 37585 | Swamp:4  | Received a gift from Okawaru
 37735 | Swamp:4  | Got a slimy robe {god gift}
 37756 | Swamp:4  | Identified the +2 robe of Fuesip {+Fly rN+} (Okawaru gifted
                  | it to you on level 4 of the Swamp)
 38153 | Swamp:4  | Got a decaying rune of Zot
 38500 | Swamp:4  | Learned a level 5 spell: Borgnjor's Vile Clutch
 38847 | Elf:1    | Entered Level 1 of the Elven Halls
 39023 | Elf:1    | Reached skill level 1 in Necromancy
 39024 | Elf:1    | Noticed Agnes
 39276 | Elf:1    | Killed Agnes
 39276 | Elf:1    | Reached skill level 1 in Earth Magic
 39950 | Elf:1    | Found an ancient bone altar of Kikubaaqudgha.
 40720 | Elf:2    | Reached XP level 18. HP: 221/221 MP: 29/29
 40726 | Elf:2    | Found a runed door.
 40749 | Elf:2    | Found a runed door.
 40792 | Elf:2    | Learned a level 3 spell: Regeneration
 40896 | Elf:2    | Noticed Nikola
 40906 | Elf:2    | Killed Nikola
 41162 | Elf:3    | Entered Level 3 of the Elven Halls
 41162 | Elf:3    | Found an ancient bone altar of Kikubaaqudgha.
 41165 | Elf:3    | Received a gift from Okawaru
 42517 | Elf:3    | Noticed a deep elf blademaster
 42517 | Elf:3    | Noticed a deep elf blademaster
 42542 | Elf:2    | HP: 3/222 [deep elf mage/bolt of fire (16)]
 42865 | Elf:2    | Received a gift from Okawaru
 43480 | Elf:2    | Slain by a deep elf blademaster

Vault maps used:
D:1:      psy_arrival_conway
D:2:      overflow_temple_1_default, first_ration, minmay_small_reverse_x
D:4:      grunt_temple_overflow_magic_moments, demons_altar,
          overflow_temple_1_default, uniq_sigmund
D:5:      kennysheep_okawaru_gauntlet, uniq_pikel, uniq_edmund, uniq_menkaure
D:6:      minmay_diamond_boxcup, cheibrodos_ashenzari_chains,
          minmay_temple_entry_statues_fountains, chequers_jeans,
          minmay_misc_feat_alley, uniq_prince_ribbit1
D:7:      basic_altar, grunt_livestock
D:8:      lemuel_round_altar, overflow_temple_1_default, serial_shops, shop,
          uniq_harold
D:9:      wad_pebble_path, cheibrodos_worm_habitat, minmay_stone_trees_small,
          uniq_erolcha, uniq_grum
D:10:     due_lair_maze_entry_diamond, ebering_ghost_xom
D:11:     enter_bailey_2
D:12:     hiddenorc2_lemuel, serial_shops, nicolae_shop_stone, uniq_nergalle,
          uniq_azrael
D:13:     david_vaults_4, serial_column_ruins, column_ruins_square_medium,
          column_ruins_grid_1, column_ruins_open_tiny, column_ruins_open_small,
          column_ruins_grid_1, serial_shops, shop_scrolls
D:14:     minmay_the_grid_plus
D:15:     gammafunk_enter_depths_forms, minmay_misc_feat_x, skrybe_limestone_x
Lair:1:   infiniplex_staircase_pool, grunt_megastairs_2
Lair:2:   minmay_snake_entry_six_corridors, portal_ice_cave_demonic_guard,
          beast_lair_carwin_6, serial_bayou_shore_a, uniq_gastronok
Lair:3:   nicolae_swamp_entry_splash_gauntlet, uniq_sonja
Lair:4:   kennysheep_snail_temple
Lair:5:   slime_altar_1, beast_lair_carwin_2
Lair:6:   wormcave, basic_altar, chequers_serial_rivers_micro_c,
          serial_bayou_pond_d
Swamp:1:  hangedman_swamp_ruin_hall, swamp_pool5, uniq_louise, uniq_kirke
Swamp:2:  evilmike_swamp_ruin_house_1
Swamp:3:  gammafunk_the_bubble, serial_swamp_ruin, evilmike_swamp_ruin_house_5,
          evilmike_swamp_ruin_rubble_1
Swamp:4:  swamp_old_school, swamp_pool3
Orc:2:    st_orc_open, basic_altar
Elf:1:    basic_altar, hangedman_elf_disciples, uniq_agnes
Elf:2:    minivault_25_ag, lemuel_flamethrower_2, uniq_nikola
Elf:3:    nooodl_elf_gasket, basic_altar
Bailey:   bailey_axe_3, bailey
IceCv:    ice_cave_tombish

Skill      XL: |  1  2  3  4  5  6  7  8  9 10 11 12 13 14 15 16 17 18 |
---------------+-------------------------------------------------------+-----
Fighting       | 2 3 4 5 7 8 9 10 12 13 15 16 17 | 17.8
Unarmed Combat | 3 4 5 7 8 9 10 11 12 13 14 15 16 | 16.1
Transmutations | 2 3 4 6 7 8 9 10 | 10.0
Poison Magic   | 1 2 |  2.1
Dodging        | 2 3 4 5 6 7 8 10 11 12 13 | 13.2
Invocations    | 3 5 6 |  6.0
Spellcasting   | 3 5 7 8 |  8.3
Ice Magic      | 1 6 |  6.0
Shields        | 3 5 7 |  7.5
Armour         | 3 4 |  4.0
Necromancy     | 2 3 |  3.5
Earth Magic    | 2 3 |  3.6

Action                   |  1- 3 |  4- 6 |  7- 9 | 10-12 | 13-15 | 16-18 || total
-------------------------+-------+-------+-------+-------+-------+-------++-------
Melee: Unarmed           |   104 |   209 |   280 |   610 |  1047 |   879 ||  3129
       Headbutt          |     7 |     8 |       |       |       |       ||    15
       Kick              |     3 |     4 |       |       |       |       ||     7
       Punch             |       |     3 |     1 |     5 |     4 |    16 ||    29
Throw: Javelin           |       |       |     3 |       |       |       ||     3
 Cast: Beastly Appendage |    16 |    11 |       |       |     1 |       ||    28
       Sticks to Snakes  |     5 |     2 |     9 |    21 |    68 |    48 ||   153
       Spider Form       |       |    13 |    31 |    29 |     3 |     4 ||    80
       Ice Form          |       |       |       |    30 |    99 |    49 ||   178
       Blade Hands       |       |       |       |       |       |    51 ||    51
       Confusing Touch   |       |       |       |       |       |     6 ||     6
       Regeneration      |       |       |       |       |       |     1 ||     1
Invok: Heroism           |       |       |       |    11 |    15 |    18 ||    44
 Abil: End Transformatio |       |       |       |     1 |     1 |       ||     2
Evoke: Wand              |       |       |       |     2 |     3 |     2 ||     7
       Phantom mirror    |       |       |       |       |       |     1 ||     1
  Use: Scroll            |     5 |     4 |     3 |    11 |    13 |    18 ||    54
       Potion            |     1 |       |       |       |       |    12 ||    13
 Stab: Distracted        |     1 |       |       |     7 |     2 |     1 ||    11
       Sleeping          |       |       |     1 |     3 |       |     1 ||     5
       Paralysed         |       |       |       |     1 |       |       ||     1
       Confused          |       |       |       |       |       |     4 ||     4
  Eat: Chunk             |     1 |    12 |    12 |    26 |    52 |    29 ||   132
       Ration            |     1 |       |     1 |     5 |     2 |    11 ||    20
Armor: Robe              |    35 |    44 |    45 |    29 |     9 |    41 ||   203
       Skin              |       |     3 |     5 |    43 |   150 |    87 ||   288
       Troll leather arm |       |       |       |       |     1 |     6 ||     7
Dodge: Dodged            |    54 |   129 |   253 |   418 |   735 |   627 ||  2216
       Deflected         |       |       |     3 |       |     1 |    17 ||    21

Table legend:
 A = Non-vault XP
 B = Vault XP
 C = Vault XP percentage of total XP
 D = Non-vault monster count
 E = Vault monster count
 F = Vault count percentage of total count
                 A         B        C        D         E       F
            +---------+---------+-------+---------+---------+-------
      Total |  167123 |  108546 |  39.4 |     695 |     290 |  29.4
            +---------+---------+-------+---------+---------+-------
        D:1 |      27 |       0 |   0.0 |      14 |       0 |   0.0
        D:2 |      70 |       8 |  10.3 |      17 |       4 |  19.0
        D:3 |     397 |       0 |   0.0 |      33 |       0 |   0.0
        D:4 |     545 |     331 |  37.8 |      17 |       4 |  19.0
        D:5 |     186 |     928 |  83.3 |       7 |       5 |  41.7
        D:6 |    1147 |     449 |  28.1 |      18 |       9 |  33.3
        D:7 |    1169 |     951 |  44.9 |      34 |       5 |  12.8
        D:8 |    1133 |     946 |  45.5 |      17 |       1 |   5.6
        D:9 |    2323 |    1814 |  43.8 |      14 |       9 |  39.1
       D:10 |     895 |     795 |  47.0 |      18 |       7 |  28.0
       D:11 |    5076 |       0 |   0.0 |      37 |       0 |   0.0
       D:12 |    2718 |    3848 |  58.6 |      12 |      40 |  76.9
       D:13 |   16680 |    1876 |  10.1 |      70 |       3 |   4.1
       D:14 |    5986 |   10979 |  64.7 |      22 |      12 |  35.3
       D:15 |    8819 |    4614 |  34.3 |      29 |       8 |  21.6
     Lair:1 |    2492 |      88 |   3.4 |      11 |       1 |   8.3
     Lair:2 |    3772 |    5653 |  60.0 |      17 |      25 |  59.5
     Lair:3 |     784 |    1650 |  67.8 |       5 |       6 |  54.5
     Lair:4 |    9319 |    2164 |  18.8 |      25 |       5 |  16.7
     Lair:5 |    4416 |    1485 |  25.2 |      23 |       4 |  14.8
     Lair:6 |    8636 |    6657 |  43.5 |      30 |      17 |  36.2
    Swamp:1 |    9266 |    4935 |  34.8 |      18 |       8 |  30.8
    Swamp:2 |    4882 |       0 |   0.0 |      16 |       0 |   0.0
    Swamp:3 |   11194 |    2894 |  20.5 |      27 |       1 |   3.6
    Swamp:4 |   11665 |   14734 |  55.8 |      33 |      23 |  41.1
      Orc:1 |    2742 |    1329 |  32.6 |      19 |       2 |   9.5
      Orc:2 |    4403 |   14268 |  76.4 |      38 |      35 |  47.9
      Elf:1 |   19121 |    7236 |  27.5 |      30 |      10 |  25.0
      Elf:2 |   12171 |    7563 |  38.3 |      20 |       5 |  20.0
      Elf:3 |   15089 |    5744 |  27.6 |      24 |       5 |  17.2
     Bailey |       0 |     422 | 100.0 |       0 |      16 | 100.0
      IceCv |       0 |    4185 | 100.0 |       0 |      20 | 100.0
            +---------+---------+-------+---------+---------+-------
